 Dungeon Crawl Stone Soup version 0.30-a0-389-g8d7d949 (webtiles) character file.

Game seed: 10818970567689961938

129997 Meow the Eclecticist (level 17, -3/172 HPs)
             Began as a Naga Conjurer on Dec 3, 2022.
             Was an Initiate of Gozag.
             Slain by Bai Suzhen (8 damage)
             ... on level 3 of the Spider Nest.
             The game lasted 01:40:36 (24250 turns).

Meow the Eclecticist (Naga Conjurer)               Turns: 24250, Time: 01:40:37

Health: -3/172     AC: 20    Str: 12    XL:     17   Next: 7%
Magic:  5/47       EV:  7    Int: 32    God:    Gozag
Gold:   3031       SH:  3    Dex:  8    Spells: 10/48 levels left

rFire   + + .      SeeInvis +    a - +4 scimitar (flame)
rCold   + . .      Faith    .    t - +0 buckler of the Saviour {rN++ Int+2}
rNeg    + + +      Spirit   .    o - +2 robe {rF+}
rPois   +          Reflect  .    C - +3 hat of Pondering {ponderous, Will+ MP+10 Int+5}
rElec   +          Harm     .    v - +0 cloak "Dayczego" {rElec Regen+ Dex-3 Slay+5}
rCorr   .          Rampage  .    U - +1 pair of gloves of Yxemm {rF+ Str+2}
Will    +++..                    L - +2 barding
Stlth   +++.......               J - amulet of Vitality {RegenMP++ Regen++}
HPRegen 2.88/turn                f - ring of ice
MPRegen 1.10/turn                z - ring of Jeniodoth {rF+ rN+}

@: very slow
A: AC +5, large, see invisible, deformed body, poison resistance, slowness 2,
spit poison 1, naga tail 2
a: Spit Poison, Renounce Religion, Potion Petition, Call Merchant, Bribe Branch


You were on level 3 of the Spider Nest.
You worshipped Gozag.
Gozag was most pleased with you.
You visited 5 branches of the dungeon, and saw 27 of its levels.
You also visited: Sewer, Ice Cave and Volcano.

You collected 10563 gold pieces.
You spent 4469 gold pieces at shops.
You paid 3063 gold pieces to Gozag.

Inventory:

Hand Weapons
 a - a +4 scimitar of flaming (weapon)
Missiles
 p - 13 throwing nets (quivered)
Armour
 o - a +2 robe of fire resistance (worn)
 t - the +0 buckler of the Saviour (worn) {rN++ Int+2}
   (You bought it in a shop on level 1 of the Orcish Mines)

   Int:       It affects your intelligence (+2).
   rN:        It greatly protects you from negative energy.
 v - the +0 cloak "Dayczego" (worn) {rElec Regen+ Dex-3 Slay+5}
   (You found it on level 7 of the Dungeon)

   Dex:       It affects your dexterity (-3).
   Slay:      It affects your accuracy & damage with ranged weapons and melee
   (+5).
   rElec:     It insulates you from electricity.
   Regen:     It increases your rate of health regeneration.
 C - the +3 hat of Pondering (worn) {ponderous, Will+ MP+10 Int+5}
   (You bought it in a shop on level 10 of the Dungeon)

   Int:       It affects your intelligence (+5).
   MP:        It affects your magic capacity (+10).
   Will:      It increases your willpower.
 L - a +2 barding (worn)
 U - the +1 pair of gloves of Yxemm (worn) {rF+ Str+2}
   (You found it in a volcano)

   Str:       It affects your strength (+2).
   rF:        It protects you from fire.
Jewellery
 e - an amulet of regeneration
 f - a ring of ice (left hand)
 z - the ring of Jeniodoth (right hand) {rF+ rN+}
   (You bought it in a shop on level 2 of the Orcish Mines)

   [ring of protection from fire]

   rF:        It protects you from fire.
   rN:        It protects you from negative energy.
 J - the amulet of Vitality (around neck) {RegenMP++ Regen++}
   (You bought it in a shop on level 1 of the Orcish Mines)

   [amulet of magic regeneration]

   It increases your rate of magic regeneration.
   Regen:     It increases your rate of health regeneration.
 T - a ring of magical power
Wands
 I - a wand of roots (9)
 M - a wand of acid (18)
 O - a wand of digging (3)
 Z - a wand of mindburst (15)
Scrolls
 c - 10 scrolls of enchant weapon
 g - a scroll of torment {unknown}
 n - 4 scrolls of immolation
 r - 2 scrolls of identify
 s - 2 scrolls of blinking
 E - 2 scrolls of fear
 H - 6 scrolls of amnesia
 K - 2 scrolls of summoning
 N - 2 scrolls of magic mapping
 Q - a scroll of silence {unknown}
 R - 8 scrolls of teleportation
 V - 4 scrolls of butterflies {unknown}
 W - 3 scrolls of poison {unknown}
 Y - a scroll of brand weapon {unknown}
Potions
 b - 3 potions of magic
 d - 2 potions of ambrosia
 h - 5 potions of flight
 i - 10 potions of brilliance
 j - 11 potions of curing
 k - 7 potions of heal wounds
 l - a potion of berserk rage
 q - 7 potions of lignification
 w - 4 potions of resistance
 x - 7 potions of degeneration
 A - 10 potions of haste
 B - 2 potions of cancellation
 D - 12 potions of mutation
 F - 4 potions of might
 P - 5 potions of attraction {unknown}
 S - a potion of invisibility {unknown}
Miscellaneous
 m - a phantom mirror


   Skills:
 - Level 16.0 Fighting
 - Level 1.5 Dodging
 - Level 6.0 Stealth
 - Level 1.0 Shields
 - Level 16.0 Spellcasting
 + Level 13.9 Conjurations
 - Level 14.0 Ice Magic


You had 10 spell levels left.
You knew the following spells:

 Your Spells              Type           Power      Damage    Failure   Level
a - Magic Dart            Conj           100%       1d8       0%          1
b - Searing Ray           Conj           100%       2d8       0%          2
c - Mephitic Cloud        Conj/Pois/Air  53%        N/A       1%          3
e - Ozocubu's Armour      Ice            100%       N/A       1%          3
f - Frozen Ramparts       Ice            100%       1d16      1%          3
g - Orb of Destruction    Conj           43%        9d12      6%          7
B - Iskenderun's Mystic   Conj/Tloc      63%        2d13      1%          4
C - Ignite Poison         Fire/Tmut/Pois 25%        N/A       6%          3
F - Freezing Cloud        Conj/Ice/Air   45%        6-21      1%          5
G - Ozocubu's Refrigerat  Ice            53%        4d19      5%          7

Your spell library contained the following spells:

 Spells                   Type           Power      Damage    Failure   Level
 Freeze                   Ice            100%       1d10      0%          1
 Slow                     Hex            100%       N/A       1%          1
 Ensorcelled Hibernation  Hex/Ice        100%       N/A       1%          2
 Momentum Strike          Conj/Tloc      100%       3d10      1%          2
 Dazzling Flash           Conj/Hex       100%       N/A       1%          3
 Hailstorm                Conj/Ice       100%       3d20      1%          3
 Fulminant Prism          Conj/Hex       31%        3d15      1%          4
 Iskenderun's Battlesphe  Conj           86%        2d13      1%          5
 Blink                    Tloc           50%        N/A       3%          2
 Call Imp                 Summ           25%        N/A       3%          2
 Cigotuvi's Dreadful Rot  Necr/Pois/Air  50%        N/A       3%          2
 Poisonous Vapours        Pois/Air       50%        N/A       3%          2
 Fireball                 Conj/Fire      31%        3d13      3%          5
 Lightning Bolt           Conj/Air       31%        1d48      3%          5
 Confusing Touch          Hex            25%        N/A       6%          3
 Kindle Blastsparks       Fire/Tloc/Air  50%        2d14      6%          3
 Lesser Beckoning         Tloc           50%        N/A       6%          3
 Spider Form              Tmut/Pois      25%        N/A       6%          3
 Vampiric Draining        Necr           25%        2d7       6%          3
 Conjure Ball Lightning   Conj/Air       31%        3x3d10    19%         6
 Starburst                Conj/Fire      31%        6d10      19%         6
 Airstrike                Air            12%        2d(2-18)  21%         4
 Anguish                  Hex/Necr       12%        N/A       21%         4
 Passage of Golubria      Tloc           25%        N/A       21%         4
 Summon Lightning Spire   Summ/Air       25%        N/A       21%         4
 Silence                  Hex/Air        12%        N/A       50%         5
 Summon Forest            Summ/Tloc      12%        N/A       50%         5
 Eringya's Noxious Bog    Tmut/Pois      12%        N/A       97%         6
 Haunt                    Necr/Summ      12%        N/A       100%        7
 Summon Hydra             Summ           12%        N/A       100%        7
 Infestation              Necr           12%        N/A       100%        8
 Lehudib's Crystal Spear  Conj/Erth      31%        10d8      100%        8
 Animate Dead             Necr           Unusable   N/A       N/A         4

Dungeon Overview and Level Annotations

Branches:
Dungeon (15/15)            Temple (1/1) D:6            Lair (5/5) D:10
  Swamp (0/4) Lair:2       Spider (4/4) Lair:2        Slime (0/5) Lair:5
    Orc (2/2) D:9          Vaults (0/5) D:14          Sewer (visited)
  IceCv (visited)         Volcano (visited)
    Elf: Orc:2       Depths: D:15

Altars:
Ashenzari
Cheibriados
Dithmenos
Elyvilon
Fedhas
Gozag
Hepliaklqana
Kikubaaqudgha
Makhleb
Nemelex Xobeh
Okawaru
Qazlal
Ru
Sif Muna
Trog
Uskayaw
Vehumet
Wu Jian
Xom
Yredelemnul
Zin
The Shining One
Jiyva

Shops:
D:9 (   D:10 [   D:12 [   D:15 !*   Orc:1 =[=[   Orc:2 =(!*

Portals:
Pandemonium: Orc:2
Trove: D:10 (give +3 storm dragon scales)

Annotations:
D:12 3 runed translucent doors, Draconius's ghost, journeyman GrIE
D:13 1 transporter
Spider:1 2 transporters, cowcow's ghost, adept OgMo
Spider:3 Arachne; Bai Suzhen


Innate Abilities, Weirdness & Mutations

Your serpentine skin is tough. (AC +5)
You have supernaturally acute eyesight. (SInv)
Armour fits poorly on your strangely shaped body.
Your system is resistant to poisons. (rPois)
You cover ground very slowly.
You can spit poison.
You can use your snake-like lower body to constrict enemies.


Message History

Bai Suzhen is severely wounded.
You are standing in a thunderstorm.
Arachne casts a spell.
Arachne blinks!
Bai Suzhen bites you but does no damage.
Bai Suzhen claws you! Bai Suzhen tramples you.
You stumble backwards!
Splash!
Unknown command.
Casting: Ozocubu's Refrigeration (dangerous; 5% risk of failure)
Confirm with . or Enter, or press ? or * to list all spells.
You feel a surge of power!
The heat is drained from your surroundings.
Bai Suzhen completely resists.
You are standing in a thunderstorm.
You are struck by lightning!
Bai Suzhen hisses, "Days like this make me miss drinking."
Bai Suzhen breathes water at you. The torrent of water hits you!!!
* * * LOW HITPOINT WARNING * * *
The wave splashes down.
Unknown command.
You hit Bai Suzhen but do no damage.
Bai Suzhen is severely wounded.
You are standing in a thunderstorm.
You are struck by lightning!
You resist.
* * * LOW HITPOINT WARNING * * *
Bai Suzhen bites you!
* * * LOW HITPOINT WARNING * * *
Bai Suzhen claws you but does no damage.
Bai Suzhen tramples you.
* * * LOW HITPOINT WARNING * * *
You hold your ground!
You are standing in a thunderstorm.
You are struck by lightning!
You resist.
* * * LOW HITPOINT WARNING * * *
Bai Suzhen bites you!
* * * LOW HITPOINT WARNING * * *
Bai Suzhen claws you but does no damage.
Bai Suzhen tramples you.
* * * LOW HITPOINT WARNING * * *
You stumble backwards!
Bai Suzhen bites you!
You die...
Your body crumbles into a pile of gold.

..#.##....^#.....#~~##~~##~~####.
..#.##............~~~~~~~~~~..#..
....##...........#~~##~~##~~#..^.
.....##..........###.^##..#####..
....^##..........##..####.^## #..
.....##.......<..#....##^...# ##.
.....###.........##..####..## ##
.....^##...........#####..## #
...##.........§§@.## ##...#
...###......~§§D§## ##....# ..##
##.##.)>§§§## ##.....## [.#
##.###.~§§## ##.......## .##
#..#####...# #^........#### ##
###.^###...###....^.......# #
###.##....##...........##
###....^^###..^.......#
##.........###........##


You could see Bai Suzhen (clouds, catching breath).

Vanquished Creatures
  2 ghost moths (Spider:3)
  4 emperor scorpions
  An orc warlord (Orc:2)
  Azrael (D:14)
  2 fire dragons
  Erolcha (D:10)
  5 entropy weavers
  8 hydras
  A vault guard (D:10)
  4 jorogumos
  An ogre mage (Volcano)
  A centaur warrior (D:14)
  2 radroaches (Spider:3)
  3 boulder beetles
  5 death yaks (Lair:3)
  10 two-headed ogres
  3 tengu warriors (D:14)
  7 orc high priests (Orc:2)
  A hell knight (Volcano)
  Sonja (Lair:3)
  A soul eater (Orc:2)
  Amaemon (Lair:1)
  2 sun moths
  2 pharaoh ants
  A swamp dragon (Lair:5)
  7 orb spiders
  7 steelbarb worms
  5 orc knights
  3 deep elf pyromancers (D:14)
  9 cyclopes
  7 orc sorcerers (Orc:2)
  9 ugly things
  12 wolf spiders
  A manticore (D:13)
  2 moths of wrath (Spider:3)
  15 elephants
  3 ice statues (IceCv)
  A rust devil (Orc:2)
  2 molten gargoyles (Volcano)
  4 black mambas
  2 gargoyles
  An orange demon (Lair:1)
  2 torpor snails
  9 cane toads
  3 demonic crawlers
  A kobold demonologist (D:13)
  9 komodo dragons
  6 rime drakes
  A tengu conjurer (D:14)
  4 trolls
  3 meliai (Spider:2)
  3 hornets (Spider:2)
  4 polar bears
  16 tarantellas
  7 dream sheep (Lair:5)
  12 blink frogs
  13 slime creatures (D:12)
  19 jumping spiders
  A wraith (D:12)
  8 culicivoras
  A dire elephant simulacrum (IceCv)
  Eustachio (D:5)
  35 yaks
  6 wyverns
  A shadow (D:12)
  5 basilisks
  3 vampires
  7 fire bats (Volcano)
  3 fire elementals (D:14)
  A golden eye (shapeshifter) (D:14)
  5 vampire mosquitoes (D:11)
  A steam dragon (D:8)
  26 redbacks
  6 wargs (Orc:1)
  Menkaure (D:4)
  An acid dragon (Lair:5)
  An acid dragon (shapeshifter) (D:14)
  11 water moccasins
  A hydra simulacrum (IceCv)
  Edmund (D:4)
  A hell hound (D:14)
  32 orc warriors
  A swamp drake (Lair:5)
  Pargi (Sewer)
  A black bear (D:10)
  2 sky beasts
  2 ice beasts
  11 ogres
  11 wolves
  2 phantoms (D:4)
  10 centaurs
  7 kobold brigands
  Blork the orc (D:6)
  A cane toad simulacrum (IceCv)
  6 bullfrogs
  5 gnoll sergeants (D:10)
  2 scorpions
  3 necrophages
  A hornet simulacrum (D:14)
  15 killer bees
  3 elephant simulacra (IceCv)
  3 electric eels
  3 howler monkeys (D:9)
  5 gnoll boudas
  8 lava snakes (Volcano)
  3 hounds
  A centaur zombie (D:4)
  25 orc priests
  9 iguanas
  Ijyb (D:4)
  5 hell rats (Lair:3)
  15 orc wizards
  A scorpion zombie (D:4)
  A polar bear simulacrum (IceCv)
  A wolf simulacrum (IceCv)
  A hound zombie (D:4)
  A hound skeleton (D:4)
  A howler monkey skeleton (D:4)
  30 gnolls
  11 adders
  A white imp (D:8)
  An ufetubus (D:6)
  4 adder zombies (D:4)
  2 worms
  4 dart slugs
  58 orcs
  7 ball pythons
  5 endoplasms
  5 goblins
  6 hobgoblins
  15 jackals
  17 kobolds
  3 quokkas
  3 bats (D:1)
  7 frilled lizards
  A quokka skeleton (D:4)
  4 rats
784 creatures vanquished.

Vanquished Creatures (collateral kills)
  A pharaoh ant (Spider:2)
  A redback (Spider:2)
2 creatures vanquished.

Vanquished Creatures (others)
  An angel (D:3)
  A centaur (D:14)
  3 bushes (D:9)
  39 fungi
  122 plants
  2 withered plants (D:4)
168 creatures vanquished.

Grand Total: 954 creatures vanquished

Notes
Turn   | Place    | Note
-------+----------+-------------------------------------------
     0 | D:1      | Meow the Naga Conjurer began the quest for the Orb.
     0 | D:1      | Reached XP level 1. HP: 15/15 MP: 3/3
   205 | D:1      | Reached XP level 2. HP: 22/22 MP: 1/5
   208 | D:1      | Learned a level 2 spell: Searing Ray
   466 | D:1      | Reached skill level 5 in Stealth
   561 | D:1      | Reached XP level 3. HP: 28/28 MP: 2/6
   893 | D:2      | Found an opulent altar of Gozag.
   903 | D:2      | Became a worshipper of Gozag Ym Sagoz the Greedy
  1291 | D:2      | Reached XP level 4. HP: 36/36 MP: 7/7
  1531 | D:3      | Noticed an angel
  1531 | D:3      | Found a shimmering altar of Xom.
  1535 | D:3      | Found a glowing silver altar of Zin.
  1629 | D:3      | Learned a level 3 spell: Mephitic Cloud
  1806 | D:3      | Found an opulent altar of Gozag.
  1865 | D:3      | Killed an angel
  1966 | D:3      | Found a faded altar of an unknown god.
  1966 | D:3      | Found a faded altar of an unknown god.
  1973 | D:3      | Found a radiant altar of Vehumet.
  1975 | D:3      | Found an ancient bone altar of Kikubaaqudgha.
  1978 | D:3      | Found a stormy altar of Qazlal.
  2164 | D:4      | Noticed an ogre
  2171 | D:4      | Killed an ogre
  2172 | D:4      | Reached XP level 5. HP: 42/42 MP: 0/9
  2391 | D:4      | Noticed Edmund
  2403 | D:4      | Reached skill level 5 in Conjurations
  2570 | D:4      | Reached XP level 6. HP: 49/49 MP: 7/11
  2897 | D:4      | Killed Edmund
  2898 | D:4      | Reached XP level 7. HP: 4/55 MP: 2/13
  3189 | D:4      | Noticed Menkaure
  3200 | D:4      | Killed Menkaure
  3201 | D:4      | Reached skill level 5 in Spellcasting
  3811 | D:4      | Noticed Ijyb
  3825 | D:4      | Killed Ijyb
  3943 | D:4      | Learned a level 3 spell: Ozocubu's Armour
  3949 | D:4      | Learned a level 5 spell: Freezing Cloud
  4081 | D:5      | Entered Level 5 of the Dungeon
  4115 | D:5      | Reached skill level 1 in Ice Magic
  4433 | D:5      | Reached XP level 8. HP: 62/62 MP: 8/15
  4577 | D:5      | Noticed Eustachio
  4590 | D:5      | Killed Eustachio
  4889 | D:5      | Noticed a vampire
  5062 | D:6      | Found a glowing drain.
  5083 | Sewer    | Entered a sewer
  5191 | Sewer    | Noticed Pargi
  5200 | Sewer    | Killed Pargi
  5201 | Sewer    | Reached skill level 5 in Ice Magic
  5410 | D:6      | Found a staircase to the Ecumenical Temple.
  5549 | Temple   | Entered the Ecumenical Temple
  5751 | D:6      | Reached XP level 9. HP: 62/68 MP: 7/16
  5756 | D:6      | Learned a level 4 spell: Iskenderun's Mystic Blast
  5768 | D:6      | Noticed Blork the orc
  5822 | D:6      | Killed Blork the orc
  5994 | D:6      | Identified the +0 ring mail of Bad Feelings {rPois Str+3}
  6316 | D:7      | Reached skill level 1 in Fighting
  6787 | D:7      | Identified the +0 cloak "Dayczego" {rElec Regen+ Dex-3
                  | Slay+5}
  7672 | D:8      | Found a shimmering blue altar of Sif Muna.
  7825 | D:8      | Reached XP level 10. HP: 86/86 MP: 14/19
  7852 | D:8      | Found an ornate altar of the Wu Jian Council.
  8178 | D:9      | Found a staircase to the Orcish Mines.
  8194 | D:9      | Reached skill level 5 in Fighting
  8232 | D:9      | Found Eshroty's Weapon Shoppe.
  8357 | D:9      | Found a hide-covered altar of Uskayaw.
  8465 | D:9      | Found a white marble altar of Elyvilon.
  8465 | D:9      | Noticed a two-headed ogre
  8585 | D:9      | Killed a two-headed ogre
  8586 | D:9      | Reached skill level 10 in Ice Magic
  8879 | D:9      | Noticed a two-headed ogre
  8898 | D:9      | Killed a two-headed ogre
  9092 | Orc:1    | Entered Level 1 of the Orcish Mines
  9230 | Orc:1    | Noticed an orc knight
  9250 | Orc:1    | Reached XP level 11. HP: 73/103 MP: 12/20
  9645 | Orc:1    | Killed an orc knight
 10082 | Orc:1    | Bought the amulet of Vitality {RegenMP++ Regen++} for 1300
                  | gold pieces
 10082 | Orc:1    | Found the amulet of Vitality {RegenMP++ Regen++}
 10113 | Orc:2    | Entered Level 2 of the Orcish Mines
 10155 | Orc:2    | Noticed an orc sorcerer
 10299 | Orc:2    | Killed an orc sorcerer
 10420 | Orc:2    | Noticed an orc sorcerer
 10431 | Orc:2    | Killed an orc sorcerer
 10530 | Orc:2    | Noticed an orc knight
 10554 | Orc:2    | Killed an orc knight
 10709 | Orc:2    | Found Enungephi's Distillery.
 10762 | Orc:2    | Found Kaolemi's General Store.
 10799 | Orc:2    | Noticed a soul eater
 10817 | Orc:2    | Noticed an orc sorcerer
 10828 | Orc:2    | Reached skill level 10 in Fighting
 10833 | Orc:2    | Noticed an orc knight
 10855 | Orc:2    | Learned a level 3 spell: Ignite Poison
 10973 | Orc:2    | Noticed a two-headed ogre
 10983 | Orc:2    | Killed a two-headed ogre
 10983 | Orc:2    | Noticed an orc sorcerer
 10993 | Orc:2    | Killed an orc sorcerer
 11042 | Orc:2    | Noticed an orc warlord
 11344 | Orc:2    | Reached XP level 12. HP: 114/118 MP: 13/23
 11349 | Orc:2    | Killed an orc warlord
 11455 | Orc:2    | Killed a soul eater
 11510 | Orc:2    | Bought a phantom mirror for 480 gold pieces
 11512 | Orc:2    | Bought a potion of magic for 80 gold pieces
 11512 | Orc:2    | Bought a potion of haste for 100 gold pieces
 11512 | Orc:2    | Bought a potion of heal wounds for 50 gold pieces
 11512 | Orc:2    | Bought 2 potions of lignification for 60 gold pieces
 11624 | Orc:2    | Noticed an orc high priest
 11626 | Orc:2    | Noticed an orc high priest
 11637 | Orc:2    | Killed an orc high priest
 11645 | Orc:2    | Noticed an orc high priest
 11662 | Orc:2    | Killed an orc high priest
 11678 | Orc:2    | Noticed an orc high priest
 11695 | Orc:2    | Killed an orc high priest
 11731 | Orc:2    | Noticed an orc high priest
 11734 | Orc:2    | Noticed a sun demon
 11745 | Orc:2    | Killed an orc high priest
 11760 | Orc:2    | Noticed an orc high priest
 11768 | Orc:2    | Killed an orc high priest
 11778 | Orc:2    | Killed an orc high priest
 11883 | Orc:2    | Noticed an orc high priest
 11902 | Orc:2    | Killed an orc high priest
 11922 | Orc:2    | Found Motehera's Jewellery Boutique.
 11922 | Orc:2    | Found Howar's Antique Weapon Shop.
 11924 | Orc:2    | Found a one-way gate leading to the halls of Pandemonium.
 11930 | Orc:2    | Bought the ring of Jeniodoth {rF+ rN+} for 362 gold pieces
 12042 | D:10     | Entered Level 10 of the Dungeon
 12084 | D:10     | Noticed Erolcha
 12106 | D:9      | Gained mutation: You can use your snake-like lower body to
                  | constrict enemies. [Naga growth]
 12106 | D:9      | Reached XP level 13. HP: 129/129 MP: 26/26
 12193 | D:10     | Found a snail-covered altar of Cheibriados.
 12226 | D:10     | Found Parau's Armour Emporium.
 12304 | D:10     | Noticed a vault guard
 12316 | D:10     | Killed a vault guard
 12369 | D:10     | Found a portal to a secret trove of treasure.
 12401 | D:10     | Reached skill level 10 in Spellcasting
 12461 | D:10     | Bought the +3 hat of Pondering {ponderous, Will+ MP+10
                  | Int+5} for 495 gold pieces
 12461 | D:10     | Found the +3 hat of Pondering {ponderous, Will+ MP+10
                  | Int+5}
 12474 | D:10     | Learned a level 7 spell: Ozocubu's Refrigeration
 12621 | D:10     | Found a staircase to the Lair.
 13452 | D:10     | Killed Erolcha
 13499 | D:10     | Found a sparkling altar of Nemelex Xobeh.
 13824 | D:10     | Learned a level 3 spell: Frozen Ramparts
 13840 | Lair:1   | Entered Level 1 of the Lair of Beasts
 14041 | Lair:1   | Noticed Amaemon
 14047 | Lair:1   | Killed Amaemon
 14457 | Lair:2   | Found a staircase to the Swamp.
 14518 | Lair:2   | Found a dark tunnel.
 14524 | Volcano  | Entered a volcano
 14626 | Volcano  | Reached XP level 14. HP: 120/138 MP: 25/30
 14651 | Volcano  | Found a radiant altar of Vehumet.
 14756 | Volcano  | Identified the +1 pair of gloves of Yxemm {rF+ Str+2}
 15032 | Lair:2   | Found a hole to the Spider Nest.
 16051 | Lair:3   | Noticed Sonja
 16055 | Lair:3   | Killed Sonja
 16398 | Lair:3   | Reached skill level 15 in Spellcasting
 16576 | Lair:4   | Found a frozen archway.
 16611 | IceCv    | Entered an ice cave
 17457 | Lair:5   | Entered Level 5 of the Lair of Beasts
 17492 | Lair:5   | Reached XP level 15. HP: 144/144 MP: 9/34
 17802 | Lair:5   | Found a viscous altar of Jiyva.
 17802 | Lair:5   | Found a staircase to the Slime Pits.
 18326 | D:12     | Found Oxexes's Armour Emporium.
 18546 | D:12     | Found a runed translucent gate.
 18550 | D:12     | Found a runed translucent gate.
 18550 | D:12     | Found a runed translucent gate.
 18550 | D:12     | Noticed Draconius's ghost (journeyman GrIE)
 18684 | D:12     | You fall into a shaft and drop 2 floors!
 18756 | D:14     | Found a gate to the Vaults.
 18891 | D:14     | Noticed Azrael
 18897 | D:14     | Killed Azrael
 19090 | D:14     | Reached skill level 15 in Fighting
 19738 | D:13     | Found a transporter.
 19738 | D:13     | Found the macabre finger necklace {rN+}
 19771 | D:13     | Identified the +3 shortbow of Sharp Prudence {freeze,
                  | Fragile Fly Dex+4}
 20043 | D:12     | Found a blossoming altar of Fedhas.
 20594 | D:15     | Entered Level 15 of the Dungeon
 20607 | D:15     | Found Purouf's Distillery.
 20610 | D:15     | Bought a potion of curing for 42 gold pieces
 20610 | D:15     | Bought a potion of heal wounds for 70 gold pieces
 20610 | D:15     | Bought a potion of curing for 42 gold pieces
 20622 | D:15     | Found Horu's General Store.
 20631 | D:15     | Bought a scroll of acquirement for 884 gold pieces
 20631 | D:15     | Bought a potion of heal wounds for 85 gold pieces
 20632 | D:15     | Acquired 1285 gold pieces
 20634 | D:15     | Acquired 244 gold pieces
 20636 | D:15     | Acquired a book of the Spheres
 20646 | D:15     | Learned a level 7 spell: Orb of Destruction
 20848 | D:5      | Reached skill level 1 in Shields
 21142 | Orc:1    | Bought the +0 buckler of the Saviour {rN++ Int+2} for 419
                  | gold pieces
 21245 | Spider:1 | Entered Level 1 of the Spider Nest
 21249 | Spider:1 | Reached XP level 16. HP: 139/165 MP: 27/36
 21303 | Spider:1 | Found a transporter.
 21333 | Spider:1 | Found a transporter.
 21371 | Spider:1 | Noticed cowcow's ghost (adept OgMo)
 22067 | Spider:2 | Reached skill level 10 in Conjurations
 23996 | Spider:3 | Reached XP level 17. HP: 172/172 MP: 28/37
 24233 | Spider:4 | Entered Level 4 of the Spider Nest
 24233 | Spider:4 | Noticed Bai Suzhen
 24233 | Spider:4 | Noticed Arachne
 24250 | Spider:3 | HP: 5/172 [Bai Suzhen (4)]
 24250 | Spider:3 | Slain by Bai Suzhen

Illustrated notes

Levels and vault maps discovered:
D:1:      mrwooster_arrival_statue, layout_rooms, minmay_cupped
D:2:      layout_basic, basic_altar
D:3:      layout_rooms, chequers_temple_overflow_minitemple,
          mainiacjoe_overflow_brackets, grunt_temple_overflow_order_and_chaos_1
D:4:      layout_basic, serial_undead, serial_undead_f, serial_undead_e,
          serial_undead_d, serial_undead_d, guppyfry_early_lair_pool,
          uniq_edmund, uniq_menkaure, uniq_ijyb
D:5:      layout_gridville, uniq_eustachio
D:6:      layout_loops_ring, minmay_temple_entry_junction_2,
          cheibrodos_sewer_entry_bend, uniq_blork_the_orc
D:7:      cheibrodos_quashed, layout_basic, kennysheep_generic_room_12
D:8:      layout_gridville, nicolae_wu_jian_wuxing_cycle,
          mainiacjoe_overflow_concentric_impassable
D:9:      layout_basic, nicolae_uskayaw_suspiria,
          nicolae_elyvilon_peaceful_grove, orc_david_3
D:10:     layout_cave_pools, nemelex_diamond_rough_becter, lemuel_tele_altar,
          minmay_lair_entry_grove, serial_gnoll_camp, gnoll_camp_mini_sergeant,
          gnoll_camp_huts_basic, gnoll_camp_mini_shop, gnoll_camp_medium_02,
          gnoll_camp_mini_basic, gnoll_camp_mini_hut, enter_trove_5,
          minmay_misc_feat_pillars, uniq_erolcha
D:11:     layout_roguey, lemuel_another_geyser
D:12:     layout_basic, gammafunk_ghost_hydra_chop, serial_shops,
          nicolae_shop_hallway_stairs, minmay_holes, fedhas_ov_isle_minmay
D:13:     gammafunk_dig_for_victory, layout_loops_cross
D:14:     layout_roguey, david_vaults_1, uniq_azrael
D:15:     hangedman_depths_entry_try_elsewhere_first, layout_basic,
          serial_shops, shop, shop, nicolae_square_shop, serial_bayou_pond_e,
          minmay_misc_feat_cross, hangedman_decor_slide_cut,
          minmay_misc_feat_alley, chequers_serial_rivers_room_b,
          nicolae_shop_clearance
Temple:   eino_temple_lava
Lair:1:   layout_misc_corridors, serial_bayou_lagoon_a, fungi_pond_lemuel,
          uniq_amaemon
Lair:2:   layout_gridlike, swamp_mist, hellmonk_spider_entry_life_and_decay,
          nicolae_volcano_entry_hallway, chequers_serial_rivers_micro_b
Lair:3:   layout_regular_city, serial_bayou_shore_a, uniq_sonja
Lair:4:   layout_big_grid, gauntlet_entry_generic,
          portal_ice_cave_entry_pillars_1
Lair:5:   guppyfry_lair_end_dragon, layout_misc_corridors, slime_entry_1,
          chequers_serial_rivers_micro_c
Spider:1: layout_spider_delve, gammafunk_ghost_berserking_beasts
Spider:2: layout_chambers, hangedman_spider_trapstep
Spider:3: layout_cave_pods, guppyfry_spider_mini_2
Spider:4: guppyfry_spider_rune, uniq_bai_suzhen, uniq_arachne
Orc:1:    layout_diamond_mine
Orc:2:    pf_orc_diabolical, layout_diamond_mine, nicolae_orc_stony_grotto

Skill      XL: |  1  2  3  4  5  6  7  8  9 10 11 12 13 14 15 16 |
---------------+-------------------------------------------------+-----
Stealth        | 4 5 6 |  6.0
Spellcasting   | 3 4 5 6 7 9 12 15 16 | 16.0
Conjurations   | 5 6 7 13 | 13.9
Ice Magic      | 2 7 9 11 12 13 14 | 14.0
Fighting       | 4 7 10 12 16 | 16.0
Shields        | 1 |  1.0
Dodging        | |  1.5

Action                   |  1- 3 |  4- 6 |  7- 9 | 10-12 | 13-15 | 16-18 || total
-------------------------+-------+-------+-------+-------+-------+-------++-------
Melee: Spear             |       |    26 |    22 |   351 |   510 |       ||   909
       Punch             |       |       |       |     5 |     8 |       ||    13
       Constrict         |       |       |       |       |    99 |    11 ||   110
       Scimitar          |       |       |       |       |    29 |    58 ||    87
Throw: Dart              |       |       |       |     2 |       |       ||     2
 Cast: Magic Dart        |    37 |    22 |    37 |    44 |    23 |       ||   163
       Searing Ray       |     4 |    18 |    63 |    77 |    25 |       ||   187
       Mephitic Cloud    |       |       |     7 |    70 |    25 |       ||   102
       Iskenderun's Myst |       |       |       |    10 |     6 |       ||    16
       Ignite Poison     |       |       |       |    14 |    15 |       ||    29
       Freezing Cloud    |       |       |       |     1 |     2 |       ||     3
       Ozocubu's Refrige |       |       |       |       |   243 |   114 ||   357
       Ozocubu's Armour  |       |       |       |       |     1 |     1 ||     2
       Frozen Ramparts   |       |       |       |       |     1 |       ||     1
       Orb of Destructio |       |       |       |       |       |    68 ||    68
Invok: Call Merchant     |       |       |       |     1 |     3 |       ||     4
 Abil: Spit Poison       |    28 |    10 |    53 |    76 |    19 |       ||   186
Evoke: Wand              |       |       |     3 |       |       |       ||     3
       Phantom mirror    |       |       |       |     1 |       |     1 ||     2
  Use: Scroll            |     2 |     3 |     5 |     6 |    15 |     4 ||    35
       Potion            |       |     1 |     4 |     3 |       |     2 ||    10
 Stab: Confused          |       |       |     1 |     9 |       |       ||    10
       Sleeping          |       |       |       |       |     5 |       ||     5
       Distracted        |       |       |       |       |     2 |     2 ||     4
Armor: Robe              |     2 |     7 |    22 |   119 |   442 |   134 ||   726
Dodge: Dodged            |     4 |    26 |    80 |   167 |   265 |    65 ||   607
Block: Buckler           |       |       |       |       |       |    24 ||    24

Table legend: (Time is in decaauts)
 A = Elapsed time spent in this place.
 B = Non-inter-level travel time spent in this place.
 C = Inter-level travel time spent in this place.
 D = Time resting spent in this place.
 E = Time spent auto-exploring this place.
 F = Levels seen in this place.
 G = Mean time per level.
                   A        B        C        D        E       F      G
               +--------+--------+--------+--------+--------+-----+--------+
         Total |  31950 |  29762 |   2188 |   3954 |  19440 |  30 | 1065.0 |
       Dungeon |  17290 |  15845 |   1445 |   2849 |  10182 |  15 | 1152.7 |
        Temple |     99 |     91 |      8 |      0 |     85 |   1 |   99.0 |
          Lair |   5483 |   5078 |    405 |    104 |   4045 |   5 | 1096.6 |
   Spider Nest |   4131 |   4055 |     76 |    254 |   3183 |   4 | 1032.8 |
  Orcish Mines |   3701 |   3448 |    253 |    653 |   1439 |   2 | 1850.5 |
         Sewer |    282 |    282 |      0 |     27 |    182 |   1 |  282.0 |
      Ice Cave |    476 |    476 |      0 |     33 |    103 |   1 |  476.0 |
       Volcano |    485 |    485 |      0 |     33 |    217 |   1 |  485.0 |
               +--------+--------+--------+--------+--------+-----+--------+

Top non-repeatable levels by time:
   Orc:2: 2155 daAuts
     D:4: 2145 daAuts
Spider:2: 1978 daAuts
    D:10: 1636 daAuts
   Orc:1: 1546 daAuts
    D:12: 1510 daAuts
  Lair:3: 1425 daAuts
     D:9: 1359 daAuts
     D:6: 1334 daAuts
Spider:3: 1301 daAuts
     D:8: 1219 daAuts
    D:14: 1184 daAuts
     D:5: 1164 daAuts
  Lair:2: 1145 daAuts
     D:7: 1137 daAuts
